 Dungeon Crawl Stone Soup version 0.29.1-13-g9f3cf754e1 (webtiles) character file.

Game seed: 13761247035040112138

1592 javelincjr the Geomancer (level 8, 0/42 HPs)
             Began as a Gargoyle Earth Elementalist on Jan 23, 2023.
             Slain by a wight
             ... wielding a +4 great sword
              (16 damage)
             ... on level 8 of the Dungeon.
             The game lasted 00:32:31 (8947 turns).

javelincjr the Geomancer (GrEE)                     Turns: 8947, Time: 00:32:32

Health: 0/42       AC:  8    Str: 17    XL:     8   Next: 93%
Magic:  0/18       EV: 12    Int: 19    God:
Gold:   374        SH:  5    Dex: 10    Spells: 13/20 levels left

rFire   . . .      SeeInvis .   n - +1 short sword (venom)
rCold   . . .      Faith    .   (no shield)
rNeg    + . .      Spirit   .   a - +0 robe
rPois   ∞          Reflect  +   (no helmet)
rElec   +          Harm     .   (no cloak)
rCorr   .          Rampage  .   g - +0 pair of gloves
Will    .....                   (no boots)
Stlth   ++........              h - amulet of reflection
HPRegen 0.14/turn               q - +6 ring of strength
MPRegen 0.16/turn               (no ring)

@: no status effects
A: sickness immunity, AC +5, negative energy resistance 1, electricity
resistance, torment resistance 1, petrification resistance
a: no special abilities


You were on level 8 of the Dungeon.
You visited 2 branches of the dungeon, and saw 9 of its levels.

You collected 419 gold pieces.
You spent 45 gold pieces at shops.

Inventory:

Hand Weapons
 f - a +0 quarterstaff
 n - a +1 short sword of venom (weapon)
Missiles
 i - 3 silver javelins
 m - 6 poisoned darts
 s - 2 javelins
 u - 3 throwing nets
 v - 3 boomerangs of dispersal
Armour
 a - a +0 robe (worn)
 g - a +0 pair of gloves (worn)
Magical Staves
 r - a staff of death
Jewellery
 h - an amulet of reflection (around neck)
 q - a +6 ring of strength (left hand)
Wands
 y - a wand of mindburst (13)
 z - a wand of iceblast (12)
Scrolls
 d - 2 scrolls of blinking
 k - a scroll of enchant armour {unknown}
 p - 4 scrolls of teleportation
 x - a scroll of identify
 A - a scroll of fog {unknown}
 B - a scroll of immolation {unknown}
 C - a scroll of fear {unknown}
Potions
 b - a potion of magic
 c - 4 potions of heal wounds
 e - a potion of invisibility
 j - 2 potions of haste
 l - 8 potions of curing
 o - 3 potions of might
 t - 2 potions of flight
 w - 3 potions of cancellation


   Skills:
 + Level 0.9 Fighting
 + Level 1.0 Short Blades
 + Level 0.4 Staves
 + Level 2.4 Dodging
 + Level 3.9 Stealth
 + Level 2.3 Shields
 + Level 6.8 Spellcasting
 + Level 2.4 Conjurations
 + Level 0.9 Hexes
 + Level 0.7 Transmutations
 + Level 8.0 Earth Magic


You had 13 spell levels left.
You knew the following spells:

 Your Spells              Type           Power      Damage    Failure   Level
a - Sandblast             Erth           74%        2d16      1%          1
b - Passwall              Tmut/Erth      19%        N/A       2%          2
c - Stone Arrow           Conj/Erth      52%        3d10      3%          3
d - Slow                  Hex            40%        N/A       7%          1

Your spell library contained the following spells:

 Spells                   Type           Power      Damage    Failure   Level
 Dazzling Flash           Conj/Hex       24%        N/A       16%         3
 Petrify                  Tmut/Erth      23%        N/A       17%         4
 Confusing Touch          Hex            10%        N/A       21%         3
 Vampiric Draining        Necr           6%         2d6       30%         3
 Silence                  Hex/Air        4%         N/A       93%         5
 Agony                    Necr           6%         N/A       96%         5
 Conjure Ball Lightning   Conj/Air       5%         3x3d6     100%        6
 Discord                  Hex            5%         N/A       100%        8
 Disjunction              Tloc           3%         N/A       100%        8


Dungeon Overview and Level Annotations

Branches:
Dungeon (8/15)             Temple (1/1) D:5
   Lair: D:8-11

Altars:
Ashenzari
Cheibriados
Dithmenos
Elyvilon
Fedhas
Gozag
Hepliaklqana
Kikubaaqudgha
Makhleb
Nemelex Xobeh
Okawaru
Qazlal
Ru
Sif Muna
Trog
Uskayaw
Vehumet
Wu Jian
Xom
Zin
The Shining One

Shops:
D:4 *   D:6 (


Innate Abilities, Weirdness & Mutations

You are immune to sickness and miasma.
Your stone body is resilient. (AC +5)
You are immune to poison.
You resist negative energy. (rN+)
You are resistant to electric shocks. (rElec)
You are resistant to unholy torment.
You are immune to petrification.


Message History

Press: ? - help, Shift-Dir - straight line, f/p - wight
Aim: a wight, wielding a +0 flail and wearing a +0 robe (severely damaged, 71% to hit)
The stone arrow hits the wight!!
You destroy the wight!
Your Short Blades skill increases to level 1!
Casting: Stone Arrow (dangerous; 3% risk of failure)
Confirm with . or Enter, or press ? or * to list all spells.
Aiming: Stone Arrow (dangerous; 3% risk of failure)
Press: ? - help, Shift-Dir - straight line, f - wight
Aim: a wight, wielding a +4 great sword and wearing a +0 robe (71% to hit)
The stone arrow hits the wight!
The wight is severely damaged.
Casting: Stone Arrow (dangerous; 3% risk of failure)
Confirm with . or Enter, or press ? or * to list all spells.
Aiming: Sandblast (safe; 1% risk of failure)
Press: ? - help, Shift-Dir - straight line, f/p - wight
Aim: a wight, wielding a +4 great sword and wearing a +0 robe (severely damaged, 84% to hit)
The blast of sand misses the wight.
You barely miss the wight.
The wight is severely damaged.
The wight barely misses you.
You hit the wight but do no damage.
The wight is severely damaged.
The wight barely misses you.
You hit the wight but do no damage.
The wight is severely damaged.
The wight hits you with a +4 great sword.
You hit the wight but do no damage.
The wight is severely damaged.
The wight hits you with a +4 great sword!
Casting: Sandblast (safe; 1% risk of failure)
Confirm with . or Enter, or press ? or * to list all spells.
Aiming: Sandblast (safe; 1% risk of failure)
Press: ? - help, Shift-Dir - straight line, f/p - wight
Aim: a wight, wielding a +4 great sword and wearing a +0 robe (severely damaged, 84% to hit)
The blast of sand hits the wight.
The wight is almost destroyed.
The wight hits you with a +4 great sword.
The wight hits you with a +4 great sword!
You die...

#<#.# #.#.#
###.#.#
#.....#
#######.....#
(>..........#
######)....#
#......#
#@###### #z#
#)# #)# #.#
#.# #.# #.#


You could see a wight.

Vanquished Creatures
  Grinder (D:5)
  2 ice beasts (D:6)
  An ogre (D:3)
  2 phantoms
  A bullfrog (D:4)
  A scorpion (D:4)
  3 wights (D:8)
  4 hounds
  A jelly (D:4)
  A gnoll bouda (D:3)
  3 iguanas
  An orc wizard (D:6)
  8 adders
  19 gnolls (D:4)
  2 ufetubi
  6 worms
  7 dart slugs
  21 orcs
  7 ball pythons
  11 bats
  2 endoplasms
  2 giant cockroaches
  4 goblins
  10 hobgoblins
  12 jackals (D:4)
  4 quokkas
  3 training dummies (D:6)
  8 kobolds
  5 rats
152 creatures vanquished.

Vanquished Creatures (others)
  A plant (D:4)
1 creature vanquished.

Grand Total: 153 creatures vanquished

Notes
Turn   | Place    | Note
-------+----------+-------------------------------------------
     0 | D:1      | javelincjr the Gargoyle Earth Elementalist began the quest
                  | for the Orb.
     0 | D:1      | Reached XP level 1. HP: 10/10 MP: 3/3
   115 | D:1      | Reached skill level 4 in Earth Magic
   115 | D:1      | Reached XP level 2. HP: 15/15 MP: 3/5
   477 | D:1      | Learned a level 2 spell: Passwall
   488 | D:1      | Reached XP level 3. HP: 19/19 MP: 4/6
  1105 | D:2      | Found a faded altar of an unknown god.
  1280 | D:2      | Reached skill level 5 in Earth Magic
  1280 | D:2      | Reached XP level 4. HP: 24/24 MP: 3/8
  2954 | D:4      | Reached XP level 5. HP: 28/28 MP: 6/10
  3151 | D:4      | Found Duore's Lightly-Used Armoury.
  3523 | D:4      | Learned a level 3 spell: Stone Arrow
  3708 | D:4      | Reached XP level 6. HP: 8/32 MP: 9/12
  4076 | D:4      | Reached skill level 1 in Shields
  4479 | D:3      | Reached skill level 6 in Earth Magic
  4479 | D:3      | Reached XP level 7. HP: 37/37 MP: 7/13
  5405 | D:4      | Reached skill level 5 in Spellcasting
  6218 | D:4      | Reached skill level 7 in Earth Magic
  6410 | D:5      | Entered Level 5 of the Dungeon
  6660 | D:5      | Reached skill level 1 in Conjurations
  6762 | D:5      | Reached XP level 8. HP: 39/42 MP: 5/16
  7063 | D:5      | Learned a level 1 spell: Slow
  7151 | D:5      | Found a staircase to the Ecumenical Temple.
  7161 | Temple   | Entered the Ecumenical Temple
  7654 | D:5      | Noticed Grinder
  7659 | D:5      | Killed Grinder
  8277 | D:6      | Found Ditzij's Firing Range.
  8318 | D:6      | Bought 3 boomerangs of dispersal for 45 gold pieces
  8924 | D:7      | You fall into a shaft and drop 1 floor!
  8939 | D:8      | Reached skill level 8 in Earth Magic
  8941 | D:8      | Reached skill level 1 in Short Blades
  8947 | D:8      | Slain by a wight

Illustrated notes

Levels and vault maps discovered:
D:1:      evilmike_arrival_rings, layout_basic, dk_noncrumbling_3
D:2:      minmay_wonky_spiral, layout_loops_ring,
          hellmonk_ecumenical_altar_heavens_door, kennysheep_generic_room_3
D:3:      layout_loops_corners
D:4:      lemuel_castle_with_subvaults [lemuel_castle_interior_original],
          layout_gridville, abandoned_shop, minmay_shop_damaged
D:5:      layout_gridville, lemuel_temple_firewalk_b, minmay_misc_feat_cross,
          uniq_grinder
D:6:      layout_gridville, nicolae_shop_firing_range
D:7:      layout_loops_ring, serial_aquarium, aquarium_bridge_square
          [aquarium_subvault_bridge, aquarium_subvault_bridge,
          aquarium_subvault_window, aquarium_subvault_wall],
          aquarium_bridge_square [aquarium_subvault_balcony,
          aquarium_subvault_bridge, aquarium_subvault_wall,
          aquarium_subvault_bridge], aquarium_window_corridor_1,
          aquarium_window_1, aquarium_window_1, aquarium_view_2a,
          aquarium_view_2e, aquarium_pool_S
D:8:      layout_loops_ring, gammafunk_ghost_hive
Temple:   mainiacjoe_temple_trianglar_array

Skill      XL: |  1  2  3  4  5  6  7  8 |
---------------+-------------------------+-----
Earth Magic    | 4 5 6 7 8 |  8.0
Spellcasting   | 3 4 5 6 |  6.8
Stealth        | 3 |  3.9
Shields        | 1 2 |  2.3
Dodging        | 2 |  2.4
Conjurations   | 1 2 |  2.4
Short Blades   | 1 |  1.0
Fighting       | |  0.9
Staves         | |  0.4
Hexes          | |  0.9
Transmutations | |  0.7

Action                   |  1- 3 |  4- 6 |  7- 9 || total
-------------------------+-------+-------+-------++-------
Melee: Quarterstaff      |     1 |     6 |       ||     7
       Short sword       |       |    52 |    44 ||    96
       Punch             |       |     1 |       ||     1
 Cast: Sandblast         |    45 |    78 |    46 ||   169
       Stone Arrow       |       |     1 |    61 ||    62
       Slow              |       |       |    10 ||    10
  Use: Scroll            |       |       |    13 ||    13
       Potion            |       |       |     3 ||     3
 Stab: Sleeping          |       |     3 |       ||     3
Armor: Robe              |     4 |    24 |    18 ||    46
Dodge: Dodged            |     5 |    47 |    42 ||    94
Block: Other             |     2 |    16 |    21 ||    39
